 Dungeon Crawl Stone Soup version 0.22.0-38-g04b72b8 (webtiles) character file.

1431078 glosham the Ninja (level 27, 152/152 HPs)
             Began as a Spriggan Berserker on Aug 25, 2018.
             Was a High Priest of Trog.
             Escaped with the Orb
             ... and 3 runes on Aug 26, 2018!
             The game lasted 23:00:32 (110812 turns).

glosham the Ninja (Spriggan Berserker)            Turns: 110812, Time: 23:00:32

Health: 152/152    AC: 17    Str: 19    XL:     27
Magic:  50/50      EV: 40    Int: 11    God:    Trog [*****.]
Gold:   3069       SH: 12    Dex: 23    Spells: 26/26 levels left

rFire    + + +     SeeInvis +   a - +9 rapier "Jiumnuz" {pierce, +Fly rC+ Str+2}
rCold    . . .     Gourm    .   Z - +3 buckler
rNeg     . . .     Faith    .   X - +3 fire dragon scales
rPois    .         Spirit   +   W - +2 hat {MR+}
rElec    .         Reflect  .   Y - scarf {Spirit}
rCorr    .         Harm     .   (gloves unavailable)
MR       +++++                  (boots unavailable)
Stlth    +++.......             z - amulet of Ikeq {Acrobat rF+ MR+ Dex+3 Stlth+}
HPRegen  0.35/turn              A - ring of magical power
MPRegen  0.32/turn              B - +3 ring of evasion

@: very quick
A: very small, unfitting armour, see invisible, herbivore, speed 3, slow
metabolism 2, weak 1, no potion heal 1
0: Orb of Zot
}: 3/15 runes: barnacled, slimy, gossamer
a: Berserk, Trog's Hand, Brothers in Arms, Renounce Religion, Evoke Flight


You escaped.
You worshipped Trog.
Trog was extremely pleased with you.
You were very full.

You visited 14 branches of the dungeon, and saw 59 of its levels.
You visited 1 ziggurat, and saw 7 of its levels.
You also visited: Labyrinth and Trove.

You collected 9061 gold pieces.
You spent 5992 gold pieces at shops.

Inventory:

Hand Weapons
 a - the +9 rapier "Jiumnuz" (weapon) {pierce, +Fly rC+ Str+2}
   (You bought it in a shop on level 11 of the Dungeon)

   It inflicts extra damage upon your enemies.
   It affects your strength (+2).
   It protects you from cold.
   It lets you fly.
 b - the +6 fustibalus "Morim" {velocity, +Inv Dex+4}
   (Trog gifted it to you on level 1 of the Crypt)

   Any stone fired from it inflicts extra damage.
   It affects your dexterity (+4).
   It lets you turn invisible.
 c - a +5 eudemon blade of holy wrath
Missiles
 D - 664 sling bullets
 R - 5 throwing nets (quivered)
Armour
 W - a +2 hat of magic resistance (worn)
 X - +3 fire dragon scales (worn)
 Y - a scarf of spirit shield (worn)
 Z - a +3 buckler (worn)
Jewellery
 z - the amulet of Ikeq (around neck) {Acrobat rF+ MR+ Dex+3 Stlth+}
   (You found it in a treasure trove)

   [amulet of the acrobat]

   It helps you evade while moving and waiting.
   It affects your dexterity (+3).
   It protects you from fire.
   It affects your resistance to hostile enchantments.
   It makes you more stealthy.
 A - a ring of magical power (left hand)
 B - a +3 ring of evasion (right hand)
 C - an uncursed ring of protection from cold
 E - the ring of Luantep {rElec rN+}
   (You found it in a treasure trove)

   [ring of positive energy]

   It insulates you from electricity.
   It protects you from negative energy.
 P - the ring "Foyll" {rPois rN+ Str+3 Int-3}
   (You found it on level 1 of the Crypt)

   [ring of positive energy]

   It affects your strength (+3).
   It affects your intelligence (-3).
   It protects you from poison.
   It protects you from negative energy.
 S - an uncursed ring of resist corrosion
Wands
 d - a wand of iceblast (1)
 f - a wand of flame (103)
 g - a wand of digging (30)
 h - a wand of polymorph (31)
 i - a wand of paralysis (10)
 j - a wand of disintegration (27)
 M - a wand of enslavement (14)
 N - a wand of acid (2)
Scrolls
 k - 28 scrolls of teleportation
 l - 4 scrolls of blinking
 m - 2 scrolls of fog
 n - a scroll of fear
 o - 26 scrolls of remove curse
 p - 11 scrolls of identify
 F - a scroll of vulnerability
 Q - 11 scrolls of immolation
Potions
 r - 22 potions of curing
 s - 9 potions of heal wounds
 t - 2 potions of magic
 u - 7 potions of resistance
 v - 9 potions of haste
 w - 2 potions of cancellation
 x - a potion of agility
 y - 2 potions of might
 G - 3 potions of invisibility
 K - 5 potions of lignification
 T - 6 potions of mutation {!q}
Miscellaneous
 H - a fan of gales
 I - a lamp of fire
 J - a phial of floods
 O - 2 sacks of spiders
 U - a box of beasts
 V - the horn of Geryon
Comestibles
 e - 12 rations


   Skills:
 - Level 18.3 Fighting
 * Level 20.9 Short Blades
 - Level 15.5 Slings
 - Level 11.0 Armour
 O Level 27 Dodging
 O Level 27 Stealth
 - Level 7.2 Shields
 O Level 27 Evocations


You had 26 spell levels left.
You didn't know any spells.
Your spell library contained the following spells:

 Spells                   Type           Power        Failure   Level  Hunger
 Apportation              Tloc           #.....       71%         1    ##.....
 Beastly Appendage        Tmut           #.....       71%         1    ##.....
 Confusing Touch          Hex            #.....       71%         1    ##.....
 Corona                   Hex            #......      71%         1    ##.....
 Flame Tongue             Conj/Fire      #....        71%         1    ##.....
 Freeze                   Ice            #...         71%         1    ##.....
 Infusion                 Chrm           #...         71%         1    ##.....
 Magic Dart               Conj           #...         71%         1    ##.....
 Pain                     Necr           #...         71%         1    ##.....
 Sandblast                Erth           #.....       71%         1    ##.....
 Shock                    Conj/Air       #...         71%         1    ##.....
 Sting                    Conj/Pois      #...         71%         1    ##.....
 Summon Butterflies       Summ           #.......     71%         1    ##.....
 Summon Small Mammal      Summ           #...         71%         1    ##.....
 Blink                    Tloc           N/A          83%         2    ###....
 Call Imp                 Summ           #.......     83%         2    ###....
 Ensorcelled Hibernation  Hex/Ice        #.....       83%         2    ###....
 Passwall                 Tmut/Erth      #.......     83%         2    ###....
 Poisonous Vapours        Pois/Air       #.....       83%         2    ###....
 Searing Ray              Conj           #.....       83%         2    ###....
 Shroud of Golubria       Chrm/Tloc      #.........   83%         2    ###....
 Slow                     Hex            #.......     83%         2    ###....
 Song of Slaying          Chrm           #.......     83%         2    ###....
 Sticks to Snakes         Tmut           #.......     83%         2    ###....
 Sublimation of Blood     Necr           #.........   83%         2    ###....
 Swiftness                Chrm/Air       #.......     83%         2    ###....
 Throw Flame              Conj/Fire      #.....       83%         2    ###....
 Throw Frost              Conj/Ice       #.....       83%         2    ###....
 Call Canine Familiar     Summ           #.......     97%         3    ####...
 Confuse                  Hex            #.......     97%         3    ####...
 Conjure Flame            Conj/Fire      #.......     97%         3    ####...
 Gell's Gravitas          Tloc           #.........   97%         3    ####...
 Ignite Poison            Fire/Tmut/Pois #.......     97%         3    ####...
 Inner Flame              Hex/Fire       #.......     97%         3    ####...
 Lesser Beckoning         Tloc           #.........   97%         3    ####...
 Mephitic Cloud           Conj/Pois/Air  #.......     97%         3    ####...
 Ozocubu's Armour         Chrm/Ice       #.......     97%         3    ####...
 Portal Projectile        Hex/Tloc       #.....       97%         3    ####...
 Recall                   Summ/Tloc      N/A          97%         3    ####...
 Regeneration             Chrm/Necr      #.........   97%         3    ####...
 Spectral Weapon          Hex/Chrm       #.......     97%         3    ####...
 Spider Form              Tmut/Pois      #.........   97%         3    ####...
 Static Discharge         Conj/Air       #.......     97%         3    ####...
 Stone Arrow              Conj/Erth      #.....       97%         3    ####...
 Summon Guardian Golem    Hex/Summ       #.......     97%         3    ####...
 Tukima's Dance           Hex            #.......     97%         3    ####...
 Airstrike                Air            #.........   100%        4    #####..
 Cause Fear               Hex            #.........   100%        4    #####..
 Ice Form                 Ice/Tmut       #.......     100%        4    #####..
 Leda's Liquefaction      Hex/Erth       #.........   100%        4    #####..
 Olgreb's Toxic Radiance  Pois           #.......     100%        4    #####..
 Petrify                  Tmut/Erth      #.......     100%        4    #####..
 Sticky Flame             Conj/Fire      #.......     100%        4    #####..
 Summon Ice Beast         Ice/Summ       #.......     100%        4    #####..
 Summon Lightning Spire   Summ/Air       #.......     100%        4    #####..
 Throw Icicle             Conj/Ice       #.......     100%        4    #####..
 Alistair's Intoxication  Tmut/Pois      #.......     100%        5    ######.
 Aura of Abjuration       Summ           #.........   100%        5    ######.
 Blade Hands              Tmut           #.........   100%        5    ######.
 Bolt of Magma            Conj/Fire/Erth #.........   100%        5    ######.
 Borgnjor's Vile Clutch   Necr/Erth      #.........   100%        5    ######.
 Fireball                 Conj/Fire      #.........   100%        5    ######.
 Irradiate                Conj/Tmut      #.........   100%        5    ######.
 Lee's Rapid Deconstruct  Erth           #.........   100%        5    ######.
 Lightning Bolt           Conj/Air       #.........   100%        5    ######.
 Metabolic Englaciation   Hex/Ice        #.........   100%        5    ######.
 Silence                  Hex/Air        #.........   100%        5    ######.
 Summon Demon             Summ           #.........   100%        5    ######.
 Summon Forest            Summ/Tloc      #.........   100%        5    ######.
 Summon Mana Viper        Hex/Summ       #.......     100%        5    ######.
 Venom Bolt               Conj/Pois      #.........   100%        5    ######.
 Yara's Violent Unravell  Hex/Tmut       #.........   100%        5    ######.
 Bolt of Fire             Conj/Fire      #.........   100%        6    #######
 Darkness                 Hex            #.........   100%        6    #######
 Death Channel            Necr           #.........   100%        6    #######
 Deflect Missiles         Chrm/Air       #.........   100%        6    #######
 Freezing Cloud           Conj/Ice/Air   #.........   100%        6    #######
 Invisibility             Hex            #.......     100%        6    #######
 Shadow Creatures         Summ           N/A          100%        6    #######
 Dragon Form              Tmut           #.........   100%        7    #######
 Malign Gateway           Summ/Tloc      #.........   100%        7    #######
 Monstrous Menagerie      Summ           #.........   100%        7    #######
 Ring of Flames           Chrm/Fire      #.........   100%        7    #######
 Summon Greater Demon     Summ           #.........   100%        7    #######
 Summon Hydra             Summ           #.........   100%        7    #######
 Discord                  Hex            #.........   100%        8    #######
 Ignition                 Fire           #.........   100%        8    #######
 Summon Horrible Things   Summ           #.........   100%        8    #######
 Dragon's Call            Summ           #.........   100%        9    #######
 Passage of Golubria      Tloc           Unusable     N/A         4    N/A

Dungeon Overview and Level Annotations

Branches:
Dungeon (15/15)            Temple (1/1) D:6            Lair (6/6) D:9
 Shoals (4/4) Lair:4       Spider (4/4) Lair:3        Slime (5/5) Lair:5
    Orc (2/2) D:12            Elf (3/3) Orc:2        Vaults (4/5) D:14
  Crypt (3/3) Vaults:3       Tomb (1/3) Crypt:3      Depths (5/5) D:15
   Hell (1/1)                 Zot (5/5) Depths:5
    Dis: Hell:1         Geh: Hell:1         Coc: Hell:1         Tar: Hell:1

Altars:
Ashenzari
Cheibriados
Dithmenos
Elyvilon
Fedhas
Gozag
Hepliaklqana
Kikubaaqudgha
Makhleb
Nemelex Xobeh
Okawaru
Qazlal
Ru
Sif Muna
Trog
Uskayaw
Vehumet
Wu Jian
Xom
Yredelemnul
Zin
The Shining One
Beogh
Jiyva

Shops:
D:11 *   Orc:2 :}[(?   Shoals:1 *

Portals:
Hell: Depths:1 Depths:2 Depths:3 Depths:4 Depths:5
Abyss: Depths:2 Depths:3 Depths:4 Depths:5
Pandemonium: Depths:1 Depths:3


Innate Abilities, Weirdness & Mutations

You are very small and have problems with some larger weapons.
You are too small for most types of armour.
You have supernaturally acute eyesight. (SInv)
You are a herbivore.
You cover ground extremely quickly.
You need to consume almost no food.
You are weak. (Str -2)
Potions are less effective at restoring your health.


Message History

You climb upwards.
There is a stone staircase leading down here.
(D) Dungeon (T) Temple (L) Lair (A) Shoals (N) Spider Nest (M) Slime Pits (O) Orcish Mines (E) Elven Halls (V) Vaults (C) Crypt (W) Tomb (U) Depths (H) Hell (Z) Zot
Where to? (Enter - D:1, ? - help)
There is a stone staircase leading up here.
You climb upwards.
There is a stone staircase leading down, spattered with blood here.
There is a stone staircase leading up here.
You climb upwards.
There is a stone staircase leading down here.
Evoke which item? (* to show all) (? for menu, Esc to quit)
Aiming: Dig
Press: ? - help, Shift-Dir - straight line, f - you Please select a direction to dig.
This square is covered in magical glow.
The rock shatters into small pieces.
A hellwing comes into view.
The hellwing completely misses you. You block the hellwing's attack.
The hellwing swoops through the air toward you!
The hellwing completely misses you. x2
The hellwing completely misses you. x2
There is an open door, spattered with blood here.
You see here a club.
Evoke which item? (* to show all) (? for menu, Esc to quit)
Aiming: Dig
Press: ? - help, Shift-Dir - straight line, f - you Please select a direction to dig.
This square is covered in magical glow.
The rock shatters into small pieces.
Evoke which item? (* to show all) (? for menu, Esc to quit)
Aiming: Dig
Press: ? - help, Shift-Dir - straight line, f - you Please select a direction to dig.
This square is covered in magical glow.
The rock shatters into small pieces.
There is a staircase leading out of the dungeon here.
You have escaped!

......#.## #.###..######
...##.##.## #.# #).......
##.##.###.## #.###.####### #.##.#
##4## #.....# ##.##.# ##.##
####### ......# ##.## ##.####
##.## ...# ##.### ##.#
##.@######## ###### #.#
#....##....####....# ##.#
#######....#......##......
##.#####.....##..#...##..##..##..
.........######..##..##..##..##..
.....###)# #..##..##..##..##..
#...## #.######..##..##..##..##..
...## #.....##......##......##..
##.# #.###.###....####....####.


You could see a hellwing.

Vanquished Creatures
  the Royal Jelly (Slime:5)
  Dissolution (Slime:5)
  2 orbs of fire (Zot:5)
  A juggernaut (Depths:3)
  3 ancient liches
  Mennas (Vaults:3)
  Saint Roka (Crypt:1)
  Frederick (Vaults:3)
  Bai Suzhen (Crypt:3)
  Margery (Depths:4)
  3 Killer Klowns (Zot:5)
  2 caustic shrikes
  Geryon (Hell)
  15 golden dragons
  A pearl dragon (Depths:3)
  A bone dragon (Crypt:3)
  2 electric golems
  Arachne (Spider:3)
  10 tentacled monstrosities
  2 liches (Crypt:3)
  11 Orb Guardians (Zot:5)
  A deep elf blademaster (Elf:3)
  Asterion (Depths:2)
  5 quicksilver dragons
  2 titans
  2 ancient champions
  8 sphinxes
  17 acid blobs
  7 death cobs
  6 storm dragons
  6 shadow dragons
  A tengu reaver (Depths:1)
  2 revenants
  Ilsuiw (Shoals:2)
  2 daevas (Zig:2)
  A draconian monk (Zot:1)
  6 fire giants
  9 frost giants
  2 deep elf elementalists
  3 draconian knights (Zot:1)
  9 azure jellies
  11 vault wardens
  9 deep elf sorcerers
  An iron dragon (shapeshifter) (Zig:3)
  3 draconian shifters
  4 ghost moths
  An iron dragon (Zot:1)
  4 draconian scorchers (Zot:1)
  A ghoul (Crypt:3)
  23 very ugly things
  3 draconian stormcallers (Zot:1)
  4 war gargoyles (Crypt:3)
  6 entropy weavers
  2 draconian annihilators (Zot:1)
  An ophan (Depths:3)
  6 green draconians
  14 ironheart preservers
  Nessos (Lair:6)
  2 spriggan defenders
  24 stone giants
  15 vampire knights
  5 red draconians
  6 deep elf annihilators (Elf:3)
  2 apis
  5 deep elf demonologists
  8 spark wasps
  A lorocyproca (Depths:3)
  3 purple draconians
  4 yellow draconians (Zot:1)
  3 black draconians (Zot:1)
  An eidolon (Crypt:2)
  6 merfolk javelineers
  14 ettins
  12 fire dragons
  A quicksilver dragon zombie (Crypt:3)
  9 yaktaur captains
  8 death oozes
  Snorg (D:11)
  4 crystal guardians
  4 mummy priests (Tomb:1)
  9 merfolk impalers
  6 deep elf high priests
  Josephine (D:13)
  7 jiangshi
  7 deep elf death magi
  8 great orbs of eyes
  Harold (D:10)
  6 hydras
  13 ice dragons
  2 quicksilver dragon skeletons
  15 vault guards
  7 rakshasas
  5 catoblepae
  2 merfolk avatars
  5 spriggan air magi
  4 death knights
  An alligator snapping turtle (Shoals:3)
  The ghost of biddum the Blocker, a novice MiFi of Okawaru (D:10)
  9 centaur warriors
  19 ogre magi
  2 two-headed ogres (shapeshifter)
  54 two-headed ogres
  31 dancing weapons
  2 satyrs
  3 deep troll earth magi
  2 merfolk aquamancers (Shoals:4)
  8 death yaks (Lair:6)
  6 tengu warriors
  A titan zombie (Crypt:3)
  5 vampire magi
  A queen ant (Lair:5)
  3 deep troll shamans
  9 spriggan berserkers
  11 hell knights
  A fire crab (shapeshifter) (D:14)
  A titan skeleton (Vaults:4)
  3 soul eaters
  17 deep elf knights
  2 sun demons (Depths:1)
  2 salamander mystics
  A fire crab (Zig:4)
  A torturous demonspawn (Depths:3)
  6 unseen horrors
  3 shadow wraiths
  10 sea snakes
  A storm dragon skeleton (Crypt:1)
  2 shadow dragon zombies (Crypt:3)
  10 flayed ghosts
  5 glowing orange brains
  An infernal demonspawn (Depths:3)
  6 wizards
  A swamp dragon (shapeshifter) (Depths:2)
  An iron giant skeleton (Crypt:2)
  2 anaconda skeletons (Crypt:3)
  27 deep trolls
  13 ironbrand convokers
  11 orc knights
  A kraken simulacrum (Shoals:4)
  40 skeletal warriors
  10 necromancers
  15 deep elf archers
  2 wolf spider zombies
  63 deep elf magi
  17 orb spiders
  53 wolf spiders
  9 harpies
  9 phantasmal warriors
  3 shining eyes (Slime:5)
  20 moths of wrath
  A frost giant zombie (Crypt:3)
  56 ugly things
  7 salamanders
  4 orc sorcerers
  18 cyclopes
  11 manticores
  3 elephants (Lair:3)
  3 fauns (Shoals:3)
  4 black mambas
  Maurice (D:8)
  A naga mage (Zig:1)
  A dire elephant zombie (Crypt:2)
  A guardian serpent (Lair:3)
  An apocalypse crab (Zig:3)
  Joseph (D:8)
  5 merfolk sirens
  Psyche (D:10)
  3 gargoyles
  13 vault sentinels
  10 water nymphs
  2 eyes of devastation
  3 torpor snails
  5 spectral swamp worms (Depths:3)
  A komodo dragon (shapeshifter) (Vaults:2)
  4 rime drakes
  7 spiny frogs
  A dire elephant skeleton (Crypt:2)
  A catoblepas zombie (Crypt:3)
  A hellion (Depths:1)
  A rime drake (shapeshifter) (Depths:3)
  An efreet (D:13)
  A spiny frog (shapeshifter) (Depths:1)
  19 demonic crawlers
  A yaktaur (shapeshifter) (Depths:3)
  43 yaktaurs
  10 freezing wraiths
  3 human skeletons
  8 komodo dragons
  5 tengu conjurers
  3 ice devils (Depths:1)
  2 polar bears (Lair:6)
  A troll (shapeshifter) (Depths:1)
  8 guardian mummies
  50 jumping spiders
  6 trolls
  11 tyrant leeches
  2 wind drakes (shapeshifter)
  A harpy skeleton (Crypt:3)
  15 hornets
  14 merfolk
  7 blink frogs
  83 slime creatures
  2 dream sheep (Shoals:3)
  A frost giant simulacrum (Vaults:4)
  2 hippogriffs (shapeshifter) (Vaults:1)
  An ice dragon zombie (Crypt:3)
  A dream sheep (shapeshifter) (Depths:1)
  5 snapping turtles
  8 hippogriffs
  A fire giant simulacrum (Vaults:1)
  A meliai zombie (D:13)
  A redback (shapeshifter) (Depths:1)
  5 spriggans
  36 flying skulls
  12 water elementals
  A black mamba zombie (Crypt:2)
  A shadow (D:13)
  72 redbacks
  A fire dragon skeleton (Crypt:2)
  36 yaks
  An air elemental (Elf:3)
  A wyvern (shapeshifter) (D:13)
  4 wyverns
  16 wraiths
  32 tarantellas
  2 humans (shapeshifter)
  21 humans (D:14)
  2 fire bats (D:4)
  8 fire elementals
  3 basilisks
  2 chaos spawn
  2 ushabtiu (Tomb:1)
  A steam dragon (shapeshifter) (Depths:5)
  Grum (D:11)
  A neqoxec (Depths:3)
  8 large abominations
  Menkaure (D:4)
  A torturous demonspawn zombie (Crypt:1)
  24 soldier ants
  A swamp worm (shapeshifter) (Depths:3)
  A naga (Zig:1)
  5 swamp worms (Spider:2)
  3 wargs
  4 acid dragons
  6 porcupines
  A floating eye (shapeshifter) (Depths:5)
  11 water moccasins
  A floating eye (Depths:2)
  2 hell hounds (Zig:4)
  A merfolk skeleton (Crypt:2)
  5 black bears
  32 orc warriors
  3 ice beasts
  A swamp dragon zombie (Crypt:1)
  A torturous demonspawn skeleton (Crypt:1)
  A black bear (shapeshifter) (Vaults:3)
  An ogre (shapeshifter) (Depths:1)
  4 eyes of draining
  5 necrophages
  2 sky beasts
  An ice dragon simulacrum (Crypt:2)
  An eye of draining (shapeshifter) (Vaults:4)
  69 ogres
  A boggart (shapeshifter) (Depths:3)
  5 boggarts (D:15)
  A manticore skeleton (Crypt:2)
  10 centaurs
  12 wolves
  An elf skeleton (Vaults:4)
  15 crocodiles
  A komodo dragon zombie (Crypt:1)
  25 bullfrogs
  2 big kobolds (D:8)
  3 earth elementals
  A hippogriff skeleton (Crypt:2)
  A wyvern skeleton (D:13)
  3 killer bees (D:11)
  2 scorpions
  A manticore simulacrum (Crypt:2)
  4 small abominations (Depths:2)
  An orc simulacrum (Vaults:1)
  A snapping turtle simulacrum (Crypt:2)
  A killer bee (shapeshifter) (Depths:1)
  A yak skeleton (Crypt:2)
  2 howler monkeys
  17 wights
  2 electric eels
  6 crimson imps
  A bullfrog zombie (D:6)
  3 centaur zombies
  2 hounds (D:9)
  A human simulacrum (Vaults:1)
  4 jellies
  3 quasits
  3 bullfrog skeletons
  8 centaur skeletons
  A gnoll shaman (Orc:2)
  19 orc priests
  27 orc wizards
  6 iguanas
  36 worker ants
  A spriggan simulacrum (Crypt:2)
  A killer bee zombie (D:7)
  A demigod skeleton (Crypt:2)
  A hound zombie (D:6)
  2 hound skeletons
  6 mummies
  Robin (D:4)
  14 gnolls
  2 worker ant zombies
  3 howler monkey skeletons
  10 adders
  4 shadow imps
  2 white imps (Depths:1)
  An ufetubus (Depths:1)
  2 adder skeletons
  4 worms
  A dart slug (D:2)
  8 leopard geckos
  93 orcs
  4 giant cockroaches
  16 goblins
  9 hobgoblins
  6 jackals
  5 quokkas
  2 ball pythons
  9 bats
  2 frilled lizards
  A jackal skeleton (D:5)
  12 kobolds
  2 leopard gecko skeletons
  A quokka skeleton (D:4)
  3 rats
  2 crawling corpses (Elf:3)
  A fungus (Lair:5)
  8 plants
2438 creatures vanquished.

Vanquished Creatures (collateral kills)
  Sojobo (Vaults:2)
  Boris (Depths:5)
  An Orb Guardian (Zot:5)
  A deep elf master archer (Elf:3)
  A tengu reaver (Vaults:2)
  A shadow dragon (Zot:5)
  A revenant (Crypt:2)
  A vault warden (Vaults:3)
  A deep elf sorcerer (Elf:3)
  An emperor scorpion (Spider:4)
  3 deep elf elementalists (Elf:3)
  A stone giant (Depths:5)
  An ironheart preserver (Vaults:2)
  An entropy weaver (Lair:5)
  A deep elf demonologist (Elf:3)
  A green draconian (Zot:1)
  A minotaur (Lab)
  A spark wasp (Spider:4)
  A white draconian (Zot:5)
  A deep elf annihilator (Elf:3)
  A red draconian (Zot:1)
  A purple draconian (Depths:5)
  An eidolon (Crypt:1)
  3 yaktaur captains
  2 jiangshi (Crypt:2)
  A deep elf high priest (Elf:3)
  A two-headed ogre (Depths:1)
  A dancing weapon (Elf:2)
  2 soul eaters (Crypt:1)
  Urug (D:11)
  A salamander mystic (Depths:5)
  A hell knight (Depths:3)
  2 skeletal warriors (Crypt:1)
  A flayed ghost (Vaults:3)
  A deep elf archer (Vaults:2)
  A shining eye (Slime:1)
  A deep elf mage (Elf:3)
  An ugly thing (Depths:1)
  A vault sentinel (Vaults:3)
  3 salamanders (Depths:5)
  3 yaktaurs (Vaults:2)
  A soldier ant (Lair:5)
  An orc warrior (D:6)
  2 wights (Crypt:1)
  A troll skeleton (Crypt:1)
  A quasit (D:15)
  An iguana (D:11)
  4 worker ants (Lair:5)
  A porcupine skeleton (Crypt:2)
64 creatures vanquished.

Vanquished Creatures (others)
  A tengu reaver (Vaults:2)
  A fire giant (Depths:4)
  A ghost moth (Zot:1)
  An ettin (Vaults:2)
  An ogre mage (Vaults:4)
  A sea snake (Shoals:4)
  A hornet (Vaults:3)
  A cyclops (Vaults:2)
  A rust devil (Depths:4)
  A water elemental (Elf:3)
  2 ogres
  15 fungi
  25 plants
  8 tentacles (Shoals:4)
60 creatures vanquished.

Grand Total: 2562 creatures vanquished

Notes
Turn   | Place    | Note
-------+----------+-------------------------------------------
     0 | D:1      | glosham the Spriggan Berserker began the quest for the Orb.
     0 | D:1      | Reached XP level 1. HP: 11/11 MP: 2/2
   450 | D:1      | Reached skill level 1 in Stealth
   560 | D:1      | Reached XP level 2. HP: 16/16 MP: 3/3
  1254 | D:2      | Reached skill level 5 in Dodging
  1254 | D:2      | Reached skill level 2 in Stealth
  1309 | D:2      | Reached XP level 3. HP: 18/19 MP: 4/4
  1644 | D:2      | Reached skill level 4 in Short Blades
  1893 | D:2      | Reached ** piety under Trog
  1893 | D:2      | Reached skill level 3 in Stealth
  1893 | D:2      | Reached XP level 4. HP: 15/23 MP: 5/5
  2444 | D:3      | Found a stormy altar of Qazlal.
  2488 | D:3      | Found a snail-covered altar of Cheibriados.
  2916 | D:3      | Reached XP level 5. HP: 28/28 MP: 6/6
  3008 | D:3      | Reached skill level 4 in Stealth
  3067 | D:3      | Reached skill level 6 in Dodging
  3412 | D:3      | Reached skill level 3 in Fighting
  3550 | D:4      | Found a transporter.
  3574 | D:4      | Reached XP level 6. HP: 32/32 MP: 7/7
  3827 | D:4      | Found a sacrificial altar of Ru.
  3874 | D:4      | Reached skill level 5 in Stealth
  3953 | D:4      | Reached skill level 5 in Short Blades
  4120 | D:4      | Found an iron altar of Okawaru.
  4190 | D:4      | Got a slimy robe
  4201 | D:4      | Identified the cursed +0 robe of the Turtle {Dex+4} (You found it on level 4 of the Dungeon)
  4295 | D:4      | Noticed Menkaure
  4313 | D:4      | Killed Menkaure
  4313 | D:4      | Reached skill level 7 in Dodging
  4579 | D:4      | Reached XP level 7. HP: 36/36 MP: 8/8
  4659 | D:4      | Reached skill level 6 in Stealth
  4763 | D:4      | Found a transporter.
  4765 | D:4      | Noticed a fire bat
  4765 | D:4      | Noticed a fire bat
  4831 | D:4      | Reached *** piety under Trog
  4905 | D:4      | Noticed Robin
  4973 | D:4      | Killed Robin
  5100 | D:4      | Found a deep blue altar of Sif Muna.
  5150 | D:4      | Killed a fire bat
  5155 | D:4      | Killed a fire bat
  5155 | D:4      | Reached skill level 6 in Short Blades
  5155 | D:4      | Reached skill level 8 in Dodging
  5155 | D:4      | Reached skill level 7 in Stealth
  5318 | D:5      | Entered Level 5 of the Dungeon
  5669 | D:5      | Found a shimmering altar of Xom.
  5671 | D:5      | Found a shimmering altar of Xom.
  6215 | D:5      | Reached XP level 8. HP: 11/42 MP: 9/9
  6658 | D:5      | Reached skill level 8 in Stealth
  7095 | D:6      | Reached skill level 9 in Dodging
  7106 | D:6      | Reached skill level 4 in Fighting
  7285 | D:6      | Reached skill level 7 in Short Blades
  7286 | D:6      | Found a staircase to the Ecumenical Temple.
  7291 | Temple   | Entered the Ecumenical Temple
  7504 | D:7      | Found a bloodstained altar of Trog.
  7795 | D:6      | Reached skill level 9 in Stealth
  7947 | D:6      | Found a sparkling altar of Nemelex Xobeh.
  8235 | D:6      | Reached **** piety under Trog
  8285 | D:6      | Reached skill level 10 in Dodging
  8322 | D:6      | Reached XP level 9. HP: 34/46 MP: 10/10
  8477 | D:6      | Found a blossoming altar of Fedhas.
  8892 | D:6      | Reached skill level 10 in Stealth
  9028 | D:6      | Reached skill level 8 in Short Blades
 10074 | D:8      | HP: 4/46 [ice beast (3)]
 10081 | D:8      | Reached skill level 11 in Dodging
 10465 | D:8      | Reached skill level 11 in Stealth
 10566 | D:8      | Reached skill level 5 in Fighting
 10568 | D:8      | Paralysed by a hornet for 1 turns
 10575 | D:8      | Reached skill level 9 in Short Blades
 10786 | D:8      | Noticed Maurice
 10786 | D:8      | Paralysed by Maurice for 5 turns
 10823 | D:8      | Killed Maurice
 10823 | D:8      | Reached XP level 10. HP: 51/51 MP: 11/11
 11005 | D:8      | Received a gift from Trog
 11207 | D:8      | Found a shattered altar of Ashenzari.
 11210 | D:8      | Found a snail-covered altar of Cheibriados.
 11210 | D:8      | Noticed a two-headed ogre
 11216 | D:8      | Killed a two-headed ogre
 11216 | D:8      | Reached skill level 12 in Dodging
 11216 | D:8      | Reached skill level 12 in Stealth
 11218 | D:8      | Found a sparkling altar of Nemelex Xobeh.
 11269 | D:8      | Noticed Joseph
 12508 | D:8      | Killed Joseph
 13155 | D:9      | Reached skill level 10 in Short Blades
 13318 | D:9      | Upgraded the game from 0.22.0-36-g8e74550 to 0.22.0-38-g04b72b8
 13430 | D:9      | Noticed a cyclops
 13435 | D:9      | Found a basalt altar of Yredelemnul.
 13677 | D:9      | Found a staircase to the Lair.
 13756 | D:9      | Killed a cyclops
 13756 | D:9      | Reached skill level 13 in Stealth
 13868 | D:10     | Entered Level 10 of the Dungeon
 13974 | D:10     | Noticed Harold
 14138 | D:10     | Reached skill level 13 in Dodging
 14365 | D:10     | Found a transporter.
 14365 | D:10     | Noticed a two-headed ogre
 14365 | D:10     | Noticed biddum's ghost (novice MiFi)
 14365 | D:10     | Noticed a two-headed ogre
 14366 | D:10     | Found a transporter.
 14426 | D:10     | Noticed a red ugly thing
 14437 | D:10     | Killed a red ugly thing
 14580 | D:10     | Reached XP level 11. HP: 38/56 MP: 12/12
 14895 | D:10     | Noticed Psyche
 14909 | D:10     | Killed Psyche
 14909 | D:10     | Reached skill level 6 in Fighting
 14966 | D:10     | Noticed a two-headed ogre
 15102 | D:10     | Killed Harold
 15250 | D:11     | Noticed Snorg
 15269 | D:11     | Found Kuliryor's General Store.
 15429 | D:11     | Noticed Grum
 15587 | D:11     | Killed Grum
 15595 | D:11     | Reached skill level 14 in Stealth
 15819 | D:11     | Killed Snorg
 15819 | D:11     | Reached skill level 11 in Short Blades
 15842 | D:11     | Noticed Urug
 15858 | D:11     | Killed Urug
 15858 | D:11     | Reached skill level 14 in Dodging
 15876 | D:11     | Noticed a brown ugly thing
 15887 | D:11     | Killed a brown ugly thing
 16317 | D:12     | Found a staircase to the Orcish Mines.
 16700 | D:11     | Bought the +9 rapier "Jiumnuz" {pierce, +Fly rC+ Str+2} for 713 gold pieces
 16750 | Lair:1   | Entered Level 1 of the Lair of Beasts
 17106 | Lair:1   | Reached skill level 12 in Short Blades
 17306 | Lair:1   | Noticed an eight-headed hydra
 17378 | Lair:1   | Killed an eight-headed hydra
 17378 | Lair:1   | Reached skill level 2 in Evocations
 17556 | Lair:1   | Reached ***** piety under Trog
 17676 | Lair:2   | Reached skill level 3 in Evocations
 18106 | Lair:2   | Reached XP level 12. HP: 62/62 MP: 15/15
 18152 | Lair:2   | Reached skill level 4 in Evocations
 18157 | Lair:2   | Reached skill level 13 in Short Blades
 18478 | Lair:2   | Reached skill level 5 in Evocations
 18556 | Lair:3   | Noticed a seven-headed hydra
 18727 | Lair:3   | Killed a seven-headed hydra
 18727 | Lair:3   | Reached skill level 6 in Evocations
 19084 | Lair:3   | Received a gift from Trog
 19089 | Lair:3   | Reached skill level 14 in Short Blades
 19204 | Lair:3   | Found a hole to the Spider Nest.
 19301 | Lair:3   | Reached skill level 1 in Slings
 19301 | Lair:3   | Reached skill level 7 in Evocations
 19331 | Lair:3   | Reached skill level 2 in Slings
 19564 | Lair:3   | Reached skill level 3 in Slings
 19572 | Lair:3   | Reached skill level 15 in Stealth
 19771 | Lair:4   | Reached skill level 4 in Slings
 19871 | Lair:4   | Found a labyrinth entrance.
 20003 | Lab      | Entered a labyrinth
 20661 | Lab      | Noticed a minotaur
 20666 | Lab      | Killed a minotaur
 20666 | Lab      | Reached skill level 5 in Slings
 20666 | Lab      | Reached skill level 8 in Evocations
 20670 | Lab      | Got a warped golden ring
 20678 | Lab      | Got an ebony trident
 20716 | Lair:4   | Found a staircase to the Shoals.
 20806 | D:9      | Identified the ring "Waghao" {rF+ rN+} (You took it off a minotaur in a labyrinth)
 21375 | Lair:5   | Noticed an entropy weaver
 21376 | Lair:5   | Noticed a queen ant
 21437 | Lair:5   | Found a staircase to the Slime Pits.
 21488 | Lair:5   | Noticed a catoblepas
 21497 | Lair:5   | Killed a catoblepas
 21497 | Lair:5   | Reached skill level 6 in Slings
 21497 | Lair:5   | Reached skill level 15 in Dodging
 21497 | Lair:5   | Reached XP level 13. HP: 65/65 MP: 20/20
 21854 | Lair:5   | Noticed an entropy weaver
 22232 | Lair:5   | Reached skill level 7 in Slings
 22359 | Lair:5   | Reached skill level 9 in Evocations
 22829 | Lair:5   | Killed an entropy weaver
 22832 | Lair:5   | Killed an entropy weaver
 22832 | Lair:5   | Reached skill level 8 in Slings
 22832 | Lair:5   | Reached skill level 16 in Stealth
 23103 | D:9      | Identified the cursed +2 trident of the Sea {drain, MP+9 Str-2 Dex+2} (You found it in a labyrinth)
 23455 | D:12     | Received a gift from Trog
 23654 | D:12     | Received a gift from Trog
 23736 | D:12     | Identified the Papyrus of Scorching Poison
 23891 | Orc:1    | Entered Level 1 of the Orcish Mines
 23961 | Orc:1    | Reached skill level 9 in Slings
 23993 | Orc:1    | Found a roughly hewn altar of Beogh.
 24013 | Orc:1    | Found a roughly hewn altar of Beogh.
 24431 | D:11     | Bought a ration for 50 gold pieces
 24431 | D:11     | Bought an uncursed amulet of regeneration for 300 gold pieces
 24431 | D:11     | Bought a scroll of vulnerability for 75 gold pieces
 24497 | D:13     | Reached skill level 10 in Evocations
 24869 | D:13     | Noticed Josephine
 24928 | D:13     | Reached skill level 16 in Dodging
 25042 | D:13     | Killed Josephine
 25042 | D:13     | Reached skill level 10 in Slings
 25592 | D:13     | Received a gift from Trog
 25641 | D:13     | Reached skill level 17 in Stealth
 25641 | D:13     | Reached XP level 14. HP: 70/70 MP: 23/23
 25720 | D:12     | Reached skill level 11 in Slings
 25789 | D:13     | Reached skill level 7 in Fighting
 25854 | D:13     | Got a flickering platinum amulet
 25877 | D:13     | Identified the amulet "Luteck" {Acrobat +Fly rC+ Str-4 Dex+7} (You found it on level 13 of the Dungeon)
 26010 | D:13     | Found the +7 great mace "Undeadhunter" {disrupt, rN+}
 26011 | D:13     | Reached skill level 11 in Evocations
 26817 | Lair:6   | Entered Level 6 of the Lair of Beasts
 27212 | Lair:6   | Noticed Nessos
 27225 | Lair:6   | Killed Nessos
 27225 | Lair:6   | Reached skill level 12 in Slings
 27454 | Lair:6   | Received a gift from Trog
 27918 | Lair:6   | Reached skill level 17 in Dodging
 28654 | Lair:6   | Reached skill level 12 in Evocations
 28733 | Lair:6   | Reached skill level 18 in Stealth
 28832 | Lair:6   | Reached skill level 13 in Slings
 29015 | Spider:1 | Entered Level 1 of the Spider Nest
 29162 | Spider:1 | Noticed an entropy weaver
 29179 | Spider:1 | Killed an entropy weaver
 29274 | Lair:3   | Reached ****** piety under Trog
 29527 | Spider:1 | Received a gift from Trog
 29708 | Spider:1 | Found a roughly hewn altar of Beogh.
 29948 | Spider:1 | Reached skill level 8 in Fighting
 30317 | Spider:1 | Reached XP level 15. HP: 57/77 MP: 25/25
 30422 | Spider:1 | Received a gift from Trog
 31412 | Spider:2 | Reached skill level 14 in Slings
 31853 | Spider:2 | Reached skill level 13 in Evocations
 31966 | Spider:2 | Reached skill level 18 in Dodging
 32049 | Spider:1 | Received a gift from Trog
 33211 | Spider:2 | Received a gift from Trog
 33211 | Spider:2 | Reached skill level 19 in Stealth
 34194 | Spider:3 | Reached skill level 9 in Fighting
 34201 | Spider:3 | Reached skill level 15 in Slings
 34715 | Spider:3 | Received a gift from Trog
 35331 | Spider:3 | Noticed Arachne
 35440 | Spider:3 | Reached XP level 16. HP: 84/84 MP: 27/27
 35547 | Spider:3 | Reached skill level 14 in Evocations
 35613 | Spider:3 | Killed Arachne
 36750 | D:10     | Reached skill level 19 in Dodging
 36791 | D:10     | Killed biddum's ghost
 37114 | D:14     | Reached skill level 20 in Stealth
 37242 | D:14     | Received a gift from Trog
 37762 | D:14     | Received a gift from Trog
 37804 | D:14     | Found a gate to the Vaults.
 38073 | D:14     | Received a gift from Trog
 38171 | D:14     | Reached skill level 10 in Fighting
 38340 | D:15     | Entered Level 15 of the Dungeon
 38416 | D:15     | Found a staircase to the Depths.
 38426 | D:15     | Reached skill level 15 in Evocations
 38684 | D:15     | Found a sacrificial altar of Ru.
 38687 | D:15     | Identified the cursed +0 whip of the Spectre {freeze, Fragile rPois Int+2 Dex+8 SInv} (You found it on level 15 of the Dungeon)
 39253 | Orc:2    | Entered Level 2 of the Orcish Mines
 39901 | Orc:2    | Found Wuorch's Magic Scroll Emporium.
 40116 | Orc:2    | Found a staircase to the Elven Halls.
 40120 | Orc:2    | Bought a scroll of blinking for 97 gold pieces
 40120 | Orc:2    | Bought a scroll of blinking for 97 gold pieces
 40463 | Orc:2    | Received a gift from Trog
 40563 | Orc:2    | Found Falanag's Gadget Shoppe.
 40563 | Orc:2    | Found Lokasoj's Antique Weapon Boutique.
 40564 | Orc:2    | Found Ywnock's Book Shop.
 40564 | Orc:2    | Found Leabrepp's Antique Armour Shoppe.
 40719 | Orc:2    | Reached XP level 17. HP: 68/90 MP: 29/29
 40740 | Orc:2    | Bought a wand of paralysis (14) for 240 gold pieces
 40740 | Orc:2    | Bought a wand of iceblast (5) for 135 gold pieces
 40740 | Orc:2    | Bought a lamp of fire for 600 gold pieces
 40740 | Orc:2    | Bought a wand of paralysis (5) for 105 gold pieces
 40740 | Orc:2    | Bought a fan of gales for 600 gold pieces
 41226 | Spider:4 | Entered Level 4 of the Spider Nest
 42161 | Spider:4 | Reached skill level 21 in Stealth
 42434 | Spider:4 | Reached skill level 20 in Dodging
 42485 | Spider:4 | Received a gift from Trog
 43336 | Spider:4 | Got a gossamer rune of Zot
 43504 | Shoals:1 | Entered Level 1 of the Shoals
 43512 | Shoals:1 | Reached skill level 16 in Evocations
 44536 | Shoals:1 | Found Didweim's Island Escapes.
 44970 | Shoals:1 | Reached skill level 11 in Fighting
 45329 | Shoals:1 | Received a gift from Trog
 45703 | Shoals:2 | Identified the cursed +0 dagger of Uqaciann {venom, Int+2} (You found it on level 2 of the Shoals)
 45751 | Shoals:2 | Noticed Ilsuiw
 45786 | Shoals:2 | Reached skill level 15 in Short Blades
 47147 | Shoals:2 | Killed Ilsuiw
 47155 | Shoals:2 | Received a gift from Trog
 48283 | Shoals:3 | Reached XP level 18. HP: 96/96 MP: 31/31
 48380 | Shoals:4 | Entered Level 4 of the Shoals
 49507 | Shoals:4 | Reached skill level 22 in Stealth
 50024 | Shoals:4 | Got a barnacled rune of Zot
 50064 | Shoals:4 | Received a gift from Trog
 50064 | Shoals:4 | Reached skill level 21 in Dodging
 50723 | Orc:2    | Bought a scroll of brand weapon for 260 gold pieces
 50732 | Elf:1    | Entered Level 1 of the Elven Halls
 51085 | Elf:1    | Reached skill level 17 in Evocations
 51325 | Elf:1    | Identified Somud's Disquisition on Creative Confrontation
 51371 | Elf:1    | Received a gift from Trog
 51917 | Elf:1    | Identified the cursed +2 dagger of the Forsaken Tables {flame, rPois rF+ Dex+3 SInv} (You found it on level 1 of the Elven Halls)
 52051 | Elf:1    | Received a gift from Trog
 52913 | Elf:2    | Reached skill level 1 in Shields
 53573 | Elf:2    | Found a runed gate.
 53573 | Elf:2    | Found a runed gate.
 53574 | Elf:2    | Found a runed gate.
 53933 | Elf:2    | Reached skill level 2 in Shields
 55410 | Elf:2    | Received a gift from Trog
 55631 | Elf:2    | Reached skill level 3 in Shields
 55824 | Elf:3    | Entered Level 3 of the Elven Halls
 56131 | Elf:3    | Identified a scroll of acquirement
 56209 | Elf:3    | Reached XP level 19. HP: 102/102 MP: 32/32
 56240 | Elf:3    | Reached skill level 16 in Short Blades
 56245 | Elf:3    | Reached skill level 12 in Fighting
 56263 | Elf:3    | Received a gift from Trog
 56621 | Elf:3    | Received a gift from Trog
 56811 | Elf:3    | Received a gift from Trog
 57019 | Elf:3    | Reached skill level 4 in Shields
 57624 | Elf:3    | Reached skill level 23 in Stealth
 58457 | Elf:2    | Reached skill level 18 in Evocations
 58484 | Elf:2    | Reached skill level 5 in Shields
 58522 | Elf:3    | Noticed a Tzitzimitl
 58889 | Elf:3    | Reached skill level 22 in Dodging
 59775 | Elf:3    | Received a gift from Trog
 60041 | Elf:3    | Got a glittering bronze ring
 60042 | Elf:3    | Identified the ring "Teup Yfunlo" {*Slow rN+ MR+ Dex+5 Stlth-} (You took it off a deep elf high priest on level 3 of the Elven Halls)
 60181 | Elf:3    | Identified the Guide on Necromancy
 60200 | Elf:3    | Identified the +8 shortbow "Vunonkig" {freeze, *Corrode rC+ Int+2 Dex+6} (You found it on level 3 of the Elven Halls)
 60695 | Vaults:1 | Entered Level 1 of the Vaults
 60826 | Vaults:1 | Identified the +5 trident "Roragud" {pierce, *Noise rElec rPois Int+4} (You found it on level 1 of the Vaults)
 60882 | Vaults:1 | Reached skill level 6 in Shields
 61695 | Vaults:1 | Received a gift from Trog
 61806 | Vaults:1 | Reached XP level 20. HP: 107/108 MP: 34/34
 62097 | Vaults:1 | Found a portal to a secret trove of treasure.
 62541 | Vaults:1 | You paid a toll of +4 ice dragon scales to enter a treasure trove
 62542 | Trove    | Entered a treasure trove
 62550 | Trove    | Identified the amulet "Ackufog" {RegenMP rF- Dex+8} (You found it in a treasure trove)
 62562 | Trove    | Identified the ring of Luantep {rElec rN+} (You found it in a treasure trove)
 62565 | Trove    | Identified the amulet "Osegg" {+Rage Dex+3} (You found it in a treasure trove)
 62569 | Trove    | Identified the amulet "Umasu" {+Rage rF+ rN+ MR+} (You found it in a treasure trove)
 62572 | Trove    | Identified the amulet of Ikeq {Acrobat rF+ MR+ Dex+3 Stlth+} (You found it in a treasure trove)
 62575 | Trove    | Identified the amulet "Uxtat" {Faith *Corrode rPois MP+9 Int+4} (You found it in a treasure trove)
 63559 | Vaults:1 | Reached skill level 7 in Shields
 63709 | Vaults:1 | Received a gift from Trog
 63949 | Vaults:2 | Noticed Sojobo
 63976 | Vaults:2 | Killed Sojobo
 64022 | Vaults:2 | Received a gift from Trog
 64023 | Vaults:2 | Identified the +5 dagger "Gevu" {antimagic, rElec Stlth+} (Trog gifted it to you on level 2 of the Vaults)
 64751 | Vaults:2 | Reached skill level 24 in Stealth
 64796 | Vaults:2 | Reached skill level 13 in Fighting
 64810 | Vaults:2 | Reached skill level 19 in Evocations
 66158 | Vaults:3 | Reached skill level 23 in Dodging
 66165 | Vaults:3 | Received a gift from Trog
 66355 | Vaults:3 | Received a gift from Trog
 66790 | Vaults:3 | Found a staircase to the Crypt.
 67008 | Vaults:3 | Noticed Frederick
 67014 | Vaults:3 | Killed Frederick
 67143 | Vaults:3 | Received a gift from Trog
 67935 | Vaults:3 | Reached XP level 21. HP: 113/113 MP: 35/35
 68335 | Vaults:3 | HP: 10/113 [poisoned by a green very ugly thing]
 68721 | Vaults:3 | Reached skill level 25 in Stealth
 68767 | Vaults:3 | Noticed Mennas
 68770 | Vaults:3 | Killed Mennas
 68770 | Vaults:3 | Reached skill level 20 in Evocations
 70240 | Vaults:4 | Reached skill level 24 in Dodging
 70592 | Vaults:4 | Received a gift from Trog
 71287 | Vaults:4 | Received a gift from Trog
 72114 | Vaults:4 | Reached skill level 26 in Stealth
 72290 | Crypt:1  | Entered Level 1 of the Crypt
 72290 | Crypt:1  | Noticed Saint Roka
 72455 | Vaults:4 | Received a gift from Trog
 72716 | Vaults:3 | Reached skill level 21 in Evocations
 73357 | Crypt:1  | Received a gift from Trog
 73365 | Crypt:1  | Killed Saint Roka
 73650 | Crypt:1  | Identified the +6 fustibalus "Morim" {velocity, +Inv Dex+4} (Trog gifted it to you on level 1 of the Crypt)
 74141 | Crypt:1  | Got a slimy pewter ring
 74142 | Crypt:1  | Identified the ring "Foyll" {rPois rN+ Str+3 Int-3} (You found it on level 1 of the Crypt)
 74987 | Crypt:1  | Reached XP level 22. HP: 85/118 MP: 35/37
 75384 | Crypt:1  | Reached skill level 25 in Dodging
 75693 | Crypt:1  | Received a gift from Trog
 76129 | Orc:2    | Bought a scroll of identify for 26 gold pieces
 76129 | Orc:2    | Bought a scroll of identify for 26 gold pieces
 76290 | Depths:1 | Entered Level 1 of the Depths
 79047 | D:15     | Received a gift from Trog
 79367 | Depths:1 | Reached skill level 27 in Stealth
 79429 | Depths:1 | Reached skill level 22 in Evocations
 79445 | Depths:1 | Found a gateway to Hell.
 79860 | Depths:1 | Received a gift from Trog
 80255 | Depths:1 | Found a one-way gate leading to the halls of Pandemonium.
 81299 | Depths:1 | Reached skill level 26 in Dodging
 81664 | Depths:1 | Got a slimy ivory ring
 81666 | Depths:1 | Identified the ring of Makhleb's Wrath {Fire rPois Int+4} (You took it off a frost giant on level 1 of the Depths)
 83367 | Depths:2 | Noticed Asterion
 83788 | Depths:1 | Received a gift from Trog
 83901 | Depths:1 | Reached XP level 23. HP: 105/123 MP: 39/39
 84241 | Depths:1 | Received a gift from Trog
 84625 | Depths:2 | Killed Asterion
 84648 | Depths:2 | Reached skill level 14 in Fighting
 84853 | Depths:2 | Identified the Compendium of Shifting Poisoning
 84988 | Depths:2 | Reached skill level 23 in Evocations
 85451 | Depths:2 | Found a one-way gate to the infinite horrors of the Abyss.
 86977 | Depths:3 | Received a gift from Trog
 87575 | Depths:3 | Received a gift from Trog
 88041 | Depths:3 | Found a glowing silver altar of Zin.
 88041 | Depths:3 | Found a white marble altar of Elyvilon.
 88044 | Depths:3 | Found a glowing golden altar of the Shining One.
 88117 | Depths:3 | Noticed a juggernaut
 88225 | Depths:3 | Killed a juggernaut
 88517 | Depths:3 | Reached skill level 15 in Fighting
 89001 | Depths:4 | Reached skill level 1 in Armour
 89001 | Depths:4 | Reached skill level 27 in Dodging
 89274 | Depths:4 | Noticed Margery
 89340 | Depths:4 | Killed Margery
 89340 | Depths:4 | Reached skill level 2 in Armour
 89432 | Depths:4 | Received a gift from Trog
 90148 | Depths:4 | Reached skill level 3 in Armour
 90266 | Depths:4 | Found an ancient bone altar of Kikubaaqudgha.
 90316 | Depths:4 | Found a gateway to a ziggurat.
 90377 | Depths:4 | Noticed a caustic shrike
 90382 | Depths:4 | Killed a caustic shrike
 90523 | Depths:4 | Identified the cursed +0 buckler of Zeippiby {Regen+ SInv} (You took it off a salamander mystic on level 4 of the Depths)
 90539 | Depths:4 | Reached XP level 24. HP: 120/132 MP: 39/39
 90689 | Depths:4 | Reached skill level 4 in Armour
 91206 | Shoals:1 | Bought a scroll of blinking for 142 gold pieces
 91206 | Shoals:1 | Bought a potion of invisibility for 152 gold pieces
 91206 | Shoals:1 | Bought a wand of digging (19) for 874 gold pieces
 91206 | Shoals:1 | Bought 3 scrolls of teleportation for 171 gold pieces
 91206 | Shoals:1 | Bought a scroll of fog for 38 gold pieces
 91206 | Shoals:1 | Bought a potion of flight for 57 gold pieces
 91355 | Orc:2    | Bought a wand of digging (19) for 690 gold pieces
 91355 | Orc:2    | Bought a wand of flame (28) for 225 gold pieces
 91378 | Orc:2    | Bought a scroll of vulnerability for 97 gold pieces
 91378 | Orc:2    | Bought a scroll of immolation for 45 gold pieces
 91378 | Orc:2    | Bought a scroll of immolation for 45 gold pieces
 91378 | Orc:2    | Bought a scroll of enchant armour for 97 gold pieces
 91456 | D:11     | Bought a scroll of immolation for 35 gold pieces
 91658 | Depths:5 | Entered Level 5 of the Depths
 91687 | Depths:5 | Noticed Boris
 91696 | Depths:5 | Killed Boris
 92015 | Depths:5 | Reached skill level 24 in Evocations
 92181 | Depths:5 | Received a gift from Trog
 92323 | Depths:5 | Reached skill level 16 in Fighting
 92874 | Depths:5 | Received a gift from Trog
 93708 | Depths:5 | Found a gate to the Realm of Zot.
 95476 | Crypt:2  | Received a gift from Trog
 95823 | Crypt:3  | Entered Level 3 of the Crypt
 96106 | Crypt:3  | Received a gift from Trog
 96691 | Crypt:3  | Found a staircase to the Tomb.
 96937 | Crypt:3  | Noticed Bai Suzhen
 96944 | Crypt:3  | Killed Bai Suzhen
 97019 | Crypt:3  | Reached skill level 17 in Fighting
 97189 | Crypt:3  | Reached skill level 25 in Evocations
 97601 | Crypt:3  | Reached skill level 17 in Short Blades
 97781 | Crypt:3  | Reached XP level 25. HP: 131/140 MP: 40/40
 97900 | Crypt:3  | Found an ancient bone altar of Kikubaaqudgha.
 97900 | Crypt:3  | Noticed an ancient lich
 97904 | Crypt:3  | Killed an ancient lich
 97948 | Crypt:3  | Identified Puosezid's Disquisition on the Volcanoes
 98063 | Crypt:3  | Received a gift from Trog
 98124 | Tomb:1   | Entered Level 1 of the Tomb of the Ancients
 99065 | Tomb:1   | Noticed a greater mummy
 99661 | Slime:1  | Entered Level 1 of the Pits of Slime
 99960 | Slime:3  | Reached skill level 18 in Short Blades
100108 | Slime:3  | Received a gift from Trog
100255 | Slime:5  | Entered Level 5 of the Pits of Slime
100338 | Slime:5  | Reached skill level 26 in Evocations
101128 | Slime:5  | Noticed Dissolution
101135 | Slime:5  | Killed Dissolution
101179 | Slime:5  | Found a viscous altar of Jiyva.
101181 | Slime:5  | Noticed the Royal Jelly
101191 | Slime:5  | Killed the Royal Jelly
103025 | Slime:5  | Got a slimy rune of Zot
103026 | Slime:5  | Identified the Catalogue of the Postmodern Wonders
103082 | Slime:5  | Identified the Papyrus of the Nocuous Glacier
103084 | Slime:5  | Identified the Grimoire of the Entourage and Benedictions
103091 | Slime:5  | Identified the Compendium of Ashen Heat
103235 | Slime:3  | Received a gift from Trog
103342 | Slime:3  | Gained mutation: You are weak. (Str -2) [a shining eye]
103649 | Hell     | Entered the Vestibule of Hell
103649 | Hell     | Noticed Geryon
103652 | Hell     | Killed Geryon
103830 | Zig:1    | Entered Level 1 of a ziggurat
103896 | Zig:2    | Entered Level 2 of a ziggurat
103950 | Zig:2    | Identified the ring "Rigoel" {AC+3 Dex+2} (You found it on level 2 of a ziggurat)
104015 | Zig:3    | Entered Level 3 of a ziggurat
104026 | Zig:3    | Reached skill level 5 in Armour
104271 | Zig:4    | Entered Level 4 of a ziggurat
104370 | Zig:5    | Entered Level 5 of a ziggurat
104376 | Zig:5    | Found the +8 storm bow {elec}
104471 | Zig:5    | Identified the Incunabulum of Displaced Contamination
104473 | Zig:6    | Entered Level 6 of a ziggurat
104482 | Zig:6    | Noticed Kuiphuameu the pandemonium lord
104489 | Zig:7    | Entered Level 7 of a ziggurat
104614 | Zig:7    | Reached skill level 6 in Armour
104614 | Zig:7    | Reached XP level 26. HP: 57/145 MP: 23/41
104824 | Zot:1    | Entered Level 1 of the Realm of Zot
104848 | Zot:1    | Reached skill level 7 in Armour
105550 | Zot:1    | Reached skill level 8 in Armour
105668 | Zot:1    | Found the +8 mithril axe "Arga" {speed, MR+}
105702 | Zot:1    | Reached XP level 27. HP: 149/149 MP: 41/41
105917 | Zot:1    | Reached skill level 27 in Evocations
106047 | Zot:1    | Identified the cursed +1 robe of Snakes and Ladders {rCorr Dex+4} (You found it on level 1 of the Realm of Zot)
106178 | Zot:1    | Reached skill level 9 in Armour
106500 | Zot:1    | Reached skill level 19 in Short Blades
106524 | Zot:1    | Received a gift from Trog
107590 | Zot:1    | Reached skill level 10 in Armour
107783 | Zot:1    | Received a gift from Trog
107923 | Zot:1    | Noticed an orb of fire
108326 | Zot:5    | Entered Level 5 of the Realm of Zot
108472 | Zot:5    | Received a gift from Trog
109112 | Zot:5    | Reached skill level 20 in Short Blades
109173 | Zot:5    | Received a gift from Trog
109262 | Zot:5    | Noticed an orb of fire
109265 | Zot:5    | Reached skill level 11 in Armour
109267 | Zot:5    | Noticed an ancient lich
109274 | Zot:5    | Killed an ancient lich
109317 | Zot:5    | Noticed an ancient lich
109525 | Zot:5    | Killed an ancient lich
109525 | Zot:5    | Reached skill level 18 in Fighting
109742 | Zot:5    | Noticed an orb of fire
109755 | Zot:5    | Gained mutation: Potions are less effective at restoring your health. [an orb of fire]
109822 | Zot:5    | Killed an orb of fire
109822 | Zot:5    | Received a gift from Trog
109875 | Zot:5    | Killed an orb of fire
110302 | Zot:5    | Got the Orb of Zot
110318 | Zot:5    | Noticed an orb of fire
110812 | D:$      | Escaped with the Orb!

Skill      XL: |  1  2  3  4  5  6  7  8  9 10 11 12 13 14 15 16 17 18 19 20 21 22 23 24 25 26 27 |
---------------+----------------------------------------------------------------------------------+-----
Stealth        | 1 2 3 4 5 7 9 11 13 14 15 17 18 19 20 21 22 23 24 26 27 | 27.0
Dodging        | 5 6 7 8 10 11 13 14 15 16 17 18 19 20 21 22 23 24 26 27 | 27.0
Short Blades   | 4 5 6 7 9 10 12 14 15 16 17 18 20 | 20.9
Fighting       | 3 4 5 6 8 9 10 11 12 13 15 17 18 | 18.3
Evocations     | 3 8 10 12 13 15 16 17 18 19 21 22 23 25 26 27 | 27.0
Slings         | 6 10 13 15 | 15.5
Shields        | 3 6 7 |  7.2
Armour         | 3 4 6 8 11 | 11.0

Action                   |  1- 3 |  4- 6 |  7- 9 | 10-12 | 13-15 | 16-18 | 19-21 | 22-24 | 25-27 || total
-------------------------+-------+-------+-------+-------+-------+-------+-------+-------+-------++-------
Melee: Short sword       |   100 |   191 |   171 |     2 |       |       |       |       |       ||   464
       Dagger            |       |     2 |       |       |       |       |       |       |       ||     2
       War axe           |       |       |   277 |   291 |       |       |       |       |       ||   568
       Rapier            |       |       |       |   265 |  1748 |  2165 |  2527 |  3070 |  1350 || 11125
       Quick blade       |       |       |       |       |       |    18 |    25 |       |       ||    43
 Fire: Fustibalus        |       |       |       |     8 |     8 |       |    49 |   318 |    47 ||   430
       Hunting sling     |       |       |       |       |    74 |    58 |     2 |       |       ||   134
Throw: Tomahawk          |       |       |    21 |     4 |       |       |       |       |       ||    25
       Throwing net      |       |       |       |     5 |       |       |       |       |       ||     5
Invok: Berserk           |     4 |     1 |     3 |    11 |       |       |       |     5 |     6 ||    30
       Brothers in Arms  |       |       |     1 |     3 |     1 |     3 |     2 |     7 |     4 ||    21
 Abil: Evoke Flight      |       |       |       |       |     6 |    47 |     1 |     8 |     4 ||    66
       Stop Flying       |       |       |       |       |     1 |    27 |       |     2 |       ||    30
Evoke: Wand              |       |    16 |    23 |    17 |    40 |    34 |    63 |    87 |    70 ||   350
       Lamp of fire      |       |       |       |       |       |     1 |       |     2 |     3 ||     6
       Phial of floods   |       |       |       |       |       |       |     1 |       |       ||     1
       Fan of gales      |       |       |       |       |       |       |     1 |       |     1 ||     2
       Box of beasts     |       |       |       |       |       |       |     1 |       |     4 ||     5
       Sack of spiders   |       |       |       |       |       |       |       |     2 |     4 ||     6
       Phantom mirror    |       |       |       |       |       |       |       |     1 |     1 ||     2
       Horn of Geryon    |       |       |       |       |       |       |       |       |     3 ||     3
  Use: Scroll            |     6 |     7 |     6 |    17 |     8 |     9 |    25 |     7 |    27 ||   112
       Potion            |       |       |     7 |     1 |       |     2 |     1 |     1 |    13 ||    25
 Stab: Sleeping          |     4 |    12 |    19 |    58 |    60 |    92 |    89 |    63 |    69 ||   466
       Distracted        |       |     1 |     2 |     1 |    18 |    26 |    30 |    43 |    31 ||   152
       Paralysed         |       |       |       |     5 |     3 |     4 |    12 |     8 |     9 ||    41
       Betrayed ally     |       |       |       |       |       |     1 |     1 |       |       ||     2
       Invisible         |       |       |       |       |       |       |       |     3 |       ||     3
  Eat: Ration            |     2 |     1 |     5 |    12 |    10 |    16 |    12 |    18 |    12 ||    88
Armor: Animal skin       |     3 |    12 |       |       |       |       |       |       |       ||    15
       Robe              |       |       |     8 |    16 |    28 |    28 |    19 |    12 |    12 ||   123
       Fire dragon scale |       |       |       |       |       |       |       |       |    52 ||    52
Dodge: Dodged            |    66 |   146 |   440 |   471 |  1311 |  1353 |  1055 |  1613 |   879 ||  7334
Block: Buckler           |       |       |       |       |       |       |   564 |   912 |   449 ||  1925

Table legend:
 A = Turns spent in this place as a percentage of turns spent in the entire game.
 B = Non-inter-level travel turns spent in this place as a percentage of non-inter-level travel turns spent in the entire game.
 C = Inter-level travel turns spent in this place as a percentage of turns spent in this place.
 D = Turns resting spent in this place as a percentage of non-inter-level travel turns spent in this place.
 E = Turns spent auto-exploring this place as a percentage of non-inter-level travel turns spent in this place.
 F = Non-inter-level travel turns spent in this place divided by the number of levels of this place that you've seen.
                   A       B       C       D       E      F
               +-------+-------+-------+-------+-------+----------------------
         Total | 100.0 | 100.0 |  10.3 |  34.3 |   4.2 | 1461.0
       Dungeon |  25.8 |  22.9 |  20.4 |  34.1 |   9.7 | 1518.5
        Temple |   0.2 |   0.2 |  10.7 |   5.1 |  93.8 | 176.0
          Lair |   8.5 |   8.3 |  12.9 |  27.9 |   2.6 | 1372.2
        Shoals |   6.0 |   6.5 |   2.8 |  37.2 |   0.0 | 1624.8
   Spider Nest |   8.0 |   8.5 |   4.5 |  37.8 |   4.8 | 2114.8
    Slime Pits |   3.2 |   3.5 |   1.2 |  47.2 |   0.0 | 700.0
  Orcish Mines |   2.0 |   2.0 |   9.9 |  17.4 |   0.8 | 987.5
   Elven Halls |   8.7 |   9.3 |   4.4 |  38.7 |   3.3 | 3085.0
        Vaults |  11.7 |  11.7 |  10.2 |  36.2 |   4.7 | 2910.5
         Crypt |   5.2 |   5.3 |   9.6 |  22.4 |   1.7 | 1742.3
          Tomb |   1.0 |   1.0 |  10.3 |   9.2 |   7.1 | 948.0
        Depths |  13.2 |  13.8 |   6.2 |  39.6 |   0.9 | 2744.0
          Hell |   0.0 |   0.0 |   0.0 |   0.0 |   0.0 |  17.0
           Zot |   5.1 |   5.4 |   4.1 |  27.0 |   0.0 | 1078.4
      Ziggurat |   0.7 |   0.8 |   0.0 |  57.8 |   0.0 | 112.4
     Labyrinth |   0.6 |   0.7 |   0.0 |   0.0 |   0.0 | 677.0
         Trove |   0.1 |   0.1 |   0.0 |   0.0 |   0.0 |  62.0
               +-------+-------+-------+-------+-------+----------------------

Table legend:
 A = Kills in this place as a percentage of kills in entire the game.
 B = Kills by you in this place as a percentage of kills by you in the entire game.
 C = Kills by friends in this place as a percentage of kills by friends in the entire game.
 D = Other kills in this place as a percentage of other kills in the entire game.
 E = Experience gained in this place as a percentage of experience gained in the entire game.
 F = Experience gained in this place divided by the number of levels of this place that you have seen.
                   A       B       C       D       E      F
               +-------+-------+-------+-------+-------+----------------------
         Total | 100.0 | 100.0 | 100.0 | 100.0 | 100.0 | 22610.3
       Dungeon |  19.2 |  19.6 |   6.2 |   0.0 |   6.2 | 6369.8
          Lair |   8.6 |   8.6 |   9.4 |   0.0 |   3.9 | 9958.3
        Shoals |   4.4 |   4.6 |   0.0 |   0.0 |   4.2 | 16031.8
   Spider Nest |  10.6 |  10.8 |   3.1 |   0.0 |   6.7 | 25659.5
    Slime Pits |   3.1 |   3.2 |   1.6 |   0.0 |   4.7 | 14470.4
  Orcish Mines |   4.2 |   4.4 |   0.0 |   0.0 |   1.7 | 12717.0
   Elven Halls |   6.6 |   6.4 |  15.6 |   0.0 |   8.5 | 43762.7
        Vaults |  15.0 |  14.9 |  17.2 |  25.0 |  16.0 | 61383.0
         Crypt |   7.9 |   7.6 |  18.8 |   0.0 |   8.7 | 44656.0
          Tomb |   1.0 |   1.1 |   0.0 |   0.0 |   1.6 | 24453.0
        Depths |  13.8 |  13.6 |  18.8 |  50.0 |  20.1 | 61886.4
          Hell |   0.0 |   0.0 |   0.0 |   0.0 |   0.3 | 4166.0
           Zot |   4.8 |   4.7 |   7.8 |  25.0 |  16.5 | 50872.8
      Ziggurat |   0.6 |   0.7 |   0.0 |   0.0 |   0.9 | 1972.1
     Labyrinth |   0.0 |   0.0 |   1.6 |   0.0 |   0.0 | 646.0
               +-------+-------+-------+-------+-------+----------------------

Vault maps used:
D:1:      minmay_arrival_wavy_path
D:3:      marbit_many_paths, serial_bayou, serial_bayou_crossing,
          serial_bayou_lake_a, serial_bayou_pond_e, serial_bayou_pond_a,
          serial_bayou_lagoon_a, lemuel_statue_altar
D:4:      gammafunk_cloud_chamber, tgw_sif, overflow_temple_1_default,
          nicolae_overflow_crystal_walls, corner_web_ring, uniq_menkaure,
          uniq_robin
D:5:      xom_redecorated, first_ration, corexii_checkpoint_b
D:6:      fedhas_altar_3, temple_hall, nemelex_altar_shiori
D:7:      old_standard_altar, kennysheep_windowed_goal
D:8:      grunt_temple_overflow_diamond, hangedman_pestilent_swarm,
          solitary_fountain, uniq_joseph, uniq_maurice
D:9:      old_standard_altar, grunt_lair_entry_orc_guard_hut
D:10:     gammafunk_ghost_smash, uniq_harold, uniq_psyche
D:11:     serial_shops, nicolae_shop_stone, uniq_grum, uniq_snorg, uniq_urug
D:12:     cheibrodos_lost_city_excavation, orc_0_dummy
D:13:     minmay_the_grid_octo_tiled_squarecenter, uniq_josephine
D:14:     grunt_vaults_entry_tiered, minmay_misc_feat_columns
D:15:     grunt_enter_depths_hoard, hangedman_ru_absence
Temple:   grunt_temple_mini_profane
Lair:2:   infiniplex_staircase_pool_2, grunt_megastairs_3
Lair:3:   spider_nest_entry_rubble, nicolae_quartered_pool_medium,
          small_statue_intersection, beast_lair_carwin_2, grunt_megastairs_5
Lair:4:   shoals_dummy_entry, lab_entry_generic
Lair:5:   slime_dummy, zaba_anthell
Lair:6:   evilmike_catoblepas_cave, lemuel_another_geyser, uniq_nessos
Shoals:1: nicolae_island_escapes
Shoals:2: st_shoals_ruin, uniq_ilsuiw
Shoals:4: shoals_end_grunt_ice
Spider:1: nicolae_spider_mines_2
Spider:2: worms_lemuel
Spider:3: nicolae_arachne_temple
Spider:4: spider_rune_water
Slime:1:  cheibrodos_slime_lost_civilization_4
Slime:2:  basic_altar, cheibrodos_slime_lost_civilization_6
Slime:5:  uniq_dissolution
Orc:1:    basic_altar, david_defended_altar_orc
Orc:2:    st_orc_ogre_mass, serial_shops, shop
Elf:1:    minmay_elf_sorcery, st_stairs_2
Elf:3:    minmay_elf_hall_x
Vaults:1: nicolae_vaults_network_periphery, ontoclasm_vaults_eye,
          vaults_room_stairs_pillars, v_pattern_5, grunt_vaults_bifocal,
          v_rooms_1, vaults_room_semicircle, hangedman_vaults_nails,
          nicolae_vaults_border_crossing, vaults_room_hangedman_quadrants,
          nicolae_trove_entry_diagonal
Vaults:2: vaults_room_grunt_arrival_checkpoint, vaults_room_octagon,
          vaults_dpeg_diagonal, nicolae_vaults_little_squares_3,
          vaults_room_corners, st_diamondy, ontoclasm_vaults_spin,
          vaults_dpeg_ring, vaults_room_stairs_pillars, uniq_sojobo
Vaults:3: hangedman_vaults_unwind, v_misc_11,
          hangedman_vaults_stretched_pinwheel, vaults_dpeg_spiral,
          vaults_standard_mumra_x, minmay_crypt_entry_simple_corners,
          hangedman_vaults_stitches, ontoclasm_vaults_gateway,
          ontoclasm_vaults_twist, nicolae_vaults_shelves_hall,
          hangedman_vaults_trim, vaults_room_hallway, nicolae_vaults_alarming,
          uniq_frederick, uniq_mennas
Vaults:4: nicolae_vaults_big_ls, nicolae_vaults_three_branches,
          vaults_mumra_minichess, grunt_vaults_funnel, hangedman_vaults_nodes,
          hangedman_vaults_hat, stair_cage_open, vaults_room_hallway
Crypt:1:  minmay_guarded_unrand_curses, uniq_saint_roka
Crypt:2:  hangedman_weighted_door
Crypt:3:  cryptofortress_bobbens, uniq_bai_suzhen
Depths:1: hell_entry, grunt_pan_entry_in_and_out, minmay_misc_feat_five,
          kennysheep_just_a_vault, serial_bayou_shore_b
Depths:2: grunt_crosshair, minmay_room_of_horrors, hell_entry,
          minmay_crystal_room, infiniplex_staircase_river, uniq_asterion
Depths:3: minmay_connected_boxes_in_corner, rand_demon_pan_entry_5,
          pf_hell_entry_tar_river, minmay_door_square, abyss_entry,
          hallowed_hall, minmay_staircase_statues_hall_small
Depths:4: kennysheep_bubble_arena, enter_ziggurat_c, abyss_entry_crystal,
          grunt_hell_entry_dis_old, lemuel_round_altar, uniq_margery
Depths:5: evilmike_zot_entry_basic, hell_entry,
          hangedman_abyss_or_decor_stagger, hangedman_abyss_entry_splay,
          spider_trap, minmay_pinched_square, uniq_boris
Zot:1:    grunt_deathspiral_small, st_single_dragon_hoard_2,
          st_small_dragon_hoard_2, hangedman_zot_decor_slant,
          st_small_dragon_hoard_4, st_stairs_7
Zot:2:    amethyst_zot_foddershock
Zot:3:    st_stairs_7
Zot:4:    gammafunk_ghost_necromancy, st_stairs_14, lemuel_lake_of_fire
Lab:      labyrinth_spiral
Trove:    trove_jewel_1
